 Dungeon Crawl Stone Soup version 0.29-a0-322-g68df515428 (webtiles) character file.

Game seed: 18027201333542824657

357 Darius099 the Ruffian (level 6, -3/61 HPs)
             Began as a Troll Berserker on Apr 6, 2022.
             Was a Priest of Trog.
             Slain by Blork the orc
             ... wielding a +0 glaive
              (11 damage)
             ... on level 4 of the Dungeon.
             The game lasted 00:08:05 (2302 turns).

Darius099 the Ruffian (Troll Berserker)             Turns: 2302, Time: 00:08:06

Health: -3/61      AC:  4    Str: 32    XL:     6   Next: 37%
Magic:  5/5        EV: 10    Int:  3    God:    Trog [***...]
Gold:   115        SH:  0    Dex: 11    Spells: 5/5 levels left

rFire   . . .      SeeInvis .     - Unarmed
rCold   . . .      Faith    .   (no shield)
rNeg    . . .      Spirit   .   b - +0 robe
rPois   .          Reflect  .   (helmet restricted)
rElec   .          Harm     .   i - scarf {repulsion}
rCorr   .          Rampage  .   (gloves unavailable)
Will    .....                   (boots unavailable)
Stlth   +.........              (no amulet)
HPRegen 1.00/turn               n - +6 ring of strength
MPRegen 0.09/turn               (no ring)

@: repel missiles
A: large, unfitting armour, claws 3, regeneration 1, shaggy fur 1, tough skin 1
a: Renounce Religion, Berserk, Trog's Hand


You were on level 4 of the Dungeon.
You worshipped Trog.
Trog was most pleased with you.
You visited 1 branch of the dungeon, and saw 4 of its levels.

You collected 115 gold pieces.

Inventory:

Armour
 b - a +0 robe (worn)
 i - a scarf of repulsion (worn)
Jewellery
 n - a +6 ring of strength (left claw)
Wands
 c - a wand of flame (28)
Scrolls
 e - 2 scrolls of identify
 g - a scroll of brand weapon {unknown}
 j - 3 scrolls of teleportation {unknown}
 k - a scroll of holy word {unknown}
 m - a scroll of vulnerability {unknown}
 p - 2 scrolls of fear
 q - a scroll of enchant armour {unknown}
Potions
 a - a potion of ambrosia
 d - a potion of might {unknown}
 f - 2 potions of mutation {unknown}
 h - a potion of flight
 l - a potion of attraction {unknown}
 o - a potion of berserk rage {unknown}
 r - a potion of degeneration {unknown}
 s - a potion of curing


   Skills:
 + Level 3.0 Fighting
 + Level 3.6 Dodging
 + Level 0.7 Stealth
 + Level 5.8 Unarmed Combat


You had 5 spell levels left.
You didn't know any spells.
Your spell library was empty.

Dungeon Overview and Level Annotations

Branches:
Dungeon (4/15)
 Temple: D:4-7

Altars:
Cheibriados
Nemelex Xobeh
Qazlal
Vehumet

Annotations:
D:4 Blork the orc, Pikel


Innate Abilities, Weirdness & Mutations

You are too large for most types of armour.
You have claws for hands.
Your natural rate of healing is unusually fast.
You are covered in fur. (AC +1)
You have tough skin. (AC +1)


Message History

You mangle the ball python!!
You kill the ball python!
Trog accepts your kill.
Found a potion of curing.
e - 2 scrolls of identify (gained 1)
s - a potion of curing Pikel, 2 lemures and Blork the orc come into view.
Pikel is wielding a +2 whip of electrocution.
Pikel shouts!
The lemure shouts!
A lemure comes into view.
Found a leather armour.
The lemure shouts!
Blork the orc hits you from afar with a +0 glaive.
A lemure comes into view.
The lemure shouts! x2; You hear an angry hiss.
Blork the orc barely misses you. The lemure hits you.
The lemure hits you but does no damage.
Blork the orc gestures wildly while chanting.
Blork the orc seems to speed up.
The lemure attacks as you move away! The lemure hits you.
Blork the orc completely misses you.
You barely miss the lemure. The lemure hits you.
Blork the orc barely misses you.
You mangle the lemure!!
The lemure is severely wounded.
The lemure hits you.
Blork the orc hits you from afar with a +0 glaive!
Blork the orc closely misses you.
Blork the orc hits you from afar with a +0 glaive!
Blork the orc barely misses you. The lemure attacks as you move away!
The lemure hits you but does no damage.
Blork the orc gestures at you while chanting.
The puff of flame hits you! The lemure attacks as you move away!
The lemure misses you.
Blork the orc hits you from afar with a +0 glaive!
* * * LOW HITPOINT WARNING * * *
The lemure attacks as you move away! The lemure closely misses you.
You see here a ball python corpse.
Blork the orc hits you from afar with a +0 glaive!
You die...

#.....##### #.........#
###### #......§..# ###....#
#..§..≈...#
.......############..≈§§§≈..#
≈≈≈≈≈...(............§.≈....#
......######.###.##.K.≈≈....#
≈≈≈.≈.#......#..†5o.5.......#
....≈.#...†.....@...#.#.#...#
._..≈.#..####...#.#.##...####
....≈....# ##.##.#.###5##
≈≈≈.≈....# #.##.#.###.#
.........# #.##.#.#...#
≈≈≈≈≈....# ............#
........... . ..[..#...##
#####.##.### ##.# ##.## #.#
.# # #.#


You could see Pikel, Blork the orc (fast) and 2 lemures.

Vanquished Creatures
  A water moccasin (D:4)
  A phantom (D:3)
  Ijyb (D:4)
  4 gnolls (D:4)
  3 adders
  A white imp (D:4)
  A worm (D:2)
  6 dart slugs
  4 orcs (D:3)
  8 bats
  3 endoplasms (D:1)
  6 hobgoblins
  2 quokkas
  8 ball pythons
  4 frilled lizards (D:1)
  10 goblins
  7 kobolds
  4 rats
74 creatures vanquished.

Vanquished Creatures (others)
  A plant (D:1)
1 creature vanquished.

Grand Total: 75 creatures vanquished

Notes
Turn   | Place    | Note
-------+----------+-------------------------------------------
     0 | D:1      | Darius099 the Troll Berserker began the quest for the Orb.
     0 | D:1      | Reached XP level 1. HP: 22/22 MP: 0/0
   155 | D:1      | You fall into a shaft and drop 1 floor!
   161 | D:2      | Reached XP level 2. HP: 29/29 MP: 1/1
   253 | D:2      | Found a faded altar of an unknown god.
   337 | D:2      | Reached XP level 3. HP: 21/36 MP: 2/2
   524 | D:2      | Reached ** piety under Trog
   988 | D:1      | Reached skill level 4 in Unarmed Combat
   991 | D:1      | Reached XP level 4. HP: 41/44 MP: 3/3
  1513 | D:3      | Found a sparkling altar of Nemelex Xobeh.
  1629 | D:3      | Found a snail-covered altar of Cheibriados.
  1766 | D:3      | Noticed a phantom
  1782 | D:3      | Killed a phantom
  1783 | D:3      | Reached XP level 5. HP: 27/52 MP: 4/4
  2060 | D:4      | Noticed a water moccasin
  2064 | D:4      | Killed a water moccasin
  2065 | D:4      | Reached skill level 5 in Unarmed Combat
  2065 | D:4      | Reached XP level 6. HP: 61/61 MP: 5/5
  2068 | D:4      | Noticed Ijyb
  2083 | D:4      | Killed Ijyb
  2085 | D:4      | HP: 2/61 [poisoned by Ijyb]
  2222 | D:4      | Found a radiant altar of Vehumet.
  2260 | D:4      | Reached *** piety under Trog
  2265 | D:4      | Found a stormy altar of Qazlal.
  2286 | D:4      | Noticed Pikel
  2286 | D:4      | Noticed Blork the orc
  2302 | D:4      | Slain by Blork the orc

Illustrated notes

Levels and vault maps discovered:
D:1:      minmay_arrival_cross, layout_basic, serial_bayou,
          serial_bayou_crossing, serial_bayou_shore_a, serial_bayou_lagoon_b,
          serial_bayou_pond_d
D:2:      layout_basic, hellmonk_ecumenical_altar_inner_sanctum
D:3:      layout_basic, mainiacjoe_overflow_catwalk,
          mainiacjoe_overflow_boulevard
D:4:      layout_loops_ring, nicolae_overflow_hidden_temple,
          mainiacjoe_overflow_cross_hatched, nicolae_qazlal_scattered_showers,
          uniq_pikel, uniq_ijyb, uniq_blork_the_orc

Skill      XL: |  1  2  3  4  5 |
---------------+----------------+-----
Unarmed Combat | 4 5 |  5.8
Dodging        | 3 |  3.6
Fighting       | 3 |  3.0
Stealth        | |  0.7

Action                   |  1- 3 |  4- 6 || total
-------------------------+-------+-------++-------
Melee: Unarmed           |    89 |   106 ||   195
       Punch             |     1 |     2 ||     3
  Use: Scroll            |       |     4 ||     4
       Potion            |       |     2 ||     2
Armor: Robe              |    38 |    35 ||    73
       Animal skin       |     1 |       ||     1
Dodge: Dodged            |    40 |    75 ||   115
       Repelled          |       |     1 ||     1

Table legend: (Time is in decaauts)
 A = Elapsed time spent in this place.
 B = Non-inter-level travel time spent in this place.
 C = Inter-level travel time spent in this place.
 D = Time resting spent in this place.
 E = Time spent auto-exploring this place.
 F = Levels seen in this place.
 G = Mean time per level.
                   A        B        C        D        E       F      G
               +--------+--------+--------+--------+--------+-----+--------+
         Total |   2330 |   2263 |     67 |      0 |   1214 |   4 |  582.5 |
       Dungeon |   2330 |   2263 |     67 |      0 |   1214 |   4 |  582.5 |
               +--------+--------+--------+--------+--------+-----+--------+

Top non-repeatable levels by time:
     D:1: 890 daAuts
     D:2: 654 daAuts
     D:3: 535 daAuts
     D:4: 249 daAuts
